 Dungeon Crawl Stone Soup version 0.29-a0-284-gf9362112df (webtiles) character file.

Game seed: 11358695919191191255

119 hellse the Bolt Thrower (level 4, 0/37 HPs)
             Began as a Minotaur Hunter on Mar 16, 2022.
             Slain by a rat (2 damage)
             ... in a sewer.
             The game lasted 00:04:13 (1995 turns).

hellse the Bolt Thrower (Minotaur Hunter)           Turns: 1995, Time: 00:04:14

Health: 0/37       AC:  4    Str: 17    XL:     4   Next: 74%
Magic:  3/3        EV: 12    Int:  6    God:
Gold:   69         SH:  0    Dex: 14    Spells: 3/3 levels left

rFire   . . .      SeeInvis .   a - +1 hand crossbow
rCold   . . .      Faith    .   (no shield)
rNeg    . . .      Spirit   .   b - +0 leather armour
rPois   .          Reflect  .   (helmet restricted)
rElec   .          Harm     .   (no cloak)
rCorr   .          Rampage  .   (no gloves)
Will    .....                   i - +0 pair of boots
Stlth   +.........              (no amulet)
HPRegen 0.12/turn               d - ring of flight
MPRegen 0.08/turn               (no ring)

@: flying
A: horns 2, retaliatory headbutt
a: no special abilities


You were in a sewer.
You visited 1 branch of the dungeon, and saw 3 of its levels.
You also visited: Sewer.

You collected 69 gold pieces.

Inventory:

Hand Weapons
 a - a +1 hand crossbow (weapon)
 h - a +0 dagger of venom
Missiles
 g - a throwing net
Armour
 b - a +0 leather armour (worn)
 i - a +0 pair of boots (worn)
Jewellery
 d - a ring of flight (left hand)
Scrolls
 c - 3 scrolls of immolation


   Skills:
 - Level 2.7 Fighting
 + Level 6.4 Crossbows
 - Level 2.4 Dodging
 - Level 1.1 Stealth


You had 3 spell levels left.
You didn't know any spells.
Your spell library was empty.

Dungeon Overview and Level Annotations

Branches:
Dungeon (3/15)              Sewer (1/1)

Altars:

Annotations:
D:2 Sigmund


Innate Abilities, Weirdness & Mutations

You have a pair of horns on your head.
You reflexively headbutt those who attack you in melee.


Message History

Shoot: a) +1 hand crossbow
Press: ? - help, Q - select action, (/) - cycle Shift-Dir - straight line, f/p - river rat
Aim: a river rat (almost dead, 62% to hit)
You shoot a bolt. The bolt closely misses the river rat.
The river rat bites you.
* * * LOW HITPOINT WARNING * * *
Shoot: a) +1 hand crossbow
Press: ? - help, Q - select action, (/) - cycle Shift-Dir - straight line, f/p - river rat
Aim: a river rat (almost dead, 62% to hit)
You shoot a bolt. The bolt barely misses the river rat.
The river rat bites you.
* * * LOW HITPOINT WARNING * * *
The rat bites you.
* * * LOW HITPOINT WARNING * * *
Unknown command.
Shoot: a) +1 hand crossbow
Press: ? - help, Q - select action, (/) - cycle Shift-Dir - straight line, f/p - river rat
Aim: a river rat (almost dead, 62% to hit)
You shoot a bolt. The bolt barely misses the river rat.
The river rat bites you.
* * * LOW HITPOINT WARNING * * *
The rat closely misses you.
You feel better. The river rat completely misses you.
The rat bites you but does no damage.
Shoot: a) +1 hand crossbow
Press: ? - help, Q - select action, (/) - cycle Shift-Dir - straight line, f/p - river rat
Aim: a river rat (almost dead, 62% to hit)
You shoot a bolt.
The bolt hits the river rat but does no damage.
The river rat is almost dead.
The river rat bites you.
* * * LOW HITPOINT WARNING * * *
The rat misses you.
Shoot: a) +1 hand crossbow
Press: ? - help, Q - select action, (/) - cycle Shift-Dir - straight line, f/p - river rat
Aim: a river rat (almost dead, 62% to hit)
You shoot a bolt. The bolt hits the river rat.
You kill the river rat!
The rat bites you.
You die... ############### .†....∩@rr....≈ ###############

You could see 2 rats.

Vanquished Creatures
  6 adders
  2 river rats
  A worm (D:2)
  2 orcs
  5 endoplasms
  2 giant cockroaches (D:1)
  2 goblins
  10 hobgoblins
  3 jackals (D:2)
  5 kobolds
  2 quokkas (D:1)
  A ball python (D:3)
  2 frilled lizards (D:1)
  10 rats
53 creatures vanquished.

Notes
Turn   | Place    | Note
-------+----------+-------------------------------------------
     0 | D:1      | hellse the Minotaur Hunter began the quest for the Orb.
     0 | D:1      | Reached XP level 1. HP: 18/18 MP: 0/0
   145 | D:1      | Reached skill level 1 in Stealth
   337 | D:1      | Reached XP level 2. HP: 25/25 MP: 1/1
   538 | D:1      | You fall into a shaft and drop 1 floor!
   538 | D:2      | Noticed Sigmund
   544 | D:1      | Reached skill level 5 in Crossbows
   544 | D:1      | Reached XP level 3. HP: 26/30 MP: 2/2
   700 | D:2      | HP: 1/30 [hobgoblin (4)]
  1782 | D:3      | Reached XP level 4. HP: 37/37 MP: 3/3
  1843 | D:3      | Reached skill level 6 in Crossbows
  1975 | D:3      | Found a glowing drain.
  1980 | Sewer    | Entered a sewer
  1992 | Sewer    | HP: 1/37 [river rat (2)]
  1995 | Sewer    | Slain by a rat

Illustrated notes

Levels and vault maps discovered:
D:1:      wander_arrival_peaceful_grave, layout_basic
D:2:      layout_rooms, uniq_sigmund
D:3:      layout_basic, chequers_ecumenical_altar_island,
          lightli_sewer_entry_pipes
Sewer:    sewer_kobolds

Skill      XL: |  1  2  3  4 |
---------------+-------------+-----
Stealth        | 1 |  1.1
Crossbows      | 5 6 |  6.4
Fighting       | |  2.7
Dodging        | |  2.4

Action                   |  1- 3 |  4- 6 || total
-------------------------+-------+-------++-------
 Fire: Hand crossbow     |   119 |    44 ||   163
  Use: Scroll            |     2 |       ||     2
       Potion            |     1 |     1 ||     2
Armor: Leather armour    |     9 |    10 ||    19
Dodge: Dodged            |    39 |    19 ||    58

Table legend: (Time is in decaauts)
 A = Elapsed time spent in this place.
 B = Non-inter-level travel time spent in this place.
 C = Inter-level travel time spent in this place.
 D = Time resting spent in this place.
 E = Time spent auto-exploring this place.
 F = Levels seen in this place.
 G = Mean time per level.
                   A        B        C        D        E       F      G
               +--------+--------+--------+--------+--------+-----+--------+
         Total |   2041 |   1819 |    222 |    677 |    622 |   4 |  510.2 |
       Dungeon |   2023 |   1801 |    222 |    677 |    622 |   3 |  674.3 |
         Sewer |     17 |     17 |      0 |      0 |      0 |   1 |   17.0 |
               +--------+--------+--------+--------+--------+-----+--------+

Top non-repeatable levels by time:
     D:1: 1378 daAuts
     D:2: 361 daAuts
     D:3: 284 daAuts
   Sewer: 17 daAuts
